 Dungeon Sprint DCSS version 0.21.1-1-g345015f (webtiles) character file.

61775 sanboga the Executioner (level 15, -4/286 (297) HPs)
             Began as an Ogre Berserker on May 4, 2018.
             Was the Champion of Trog.
             Killed from afar by a red draconian (9 damage)
             ... with a searing blast
             ... in the Dungeon (Sprint V: "Ziggurat Sprint").
             The game lasted 00:10:43 (1460 turns).

sanboga the Executioner (Ogre Berserker)            Turns: 1460, Time: 00:10:44

HP:   -4/286 (297)  AC: 21    Str: 37    XL:     15   Next: 4%
MP:   0/5           EV: -1    Int: 11    God:    Trog [******]
Gold: 0             SH: 26    Dex:  6    Spells: 14/14 levels left

rFire    + + .     SeeInvis .   s - +8 broad axe (antimagic)
rCold    + . .     Gourm    .   r - +18 shield of the Gong {rElec rN+ MR+ EV-5}
rNeg     + + +     Faith    .   b - +5 gold dragon scales
rPois    +         Spirit   +   v - +2 hat of the Bear Spirit {Spirit, +Rage rN+ MR++}
rElec    +         Reflect  .   (no cloak)
rCorr    .         Harm     .   (gloves unavailable)
MR       +++++     NoTele   +   (boots unavailable)
Stlth    ..........             t - amulet of regeneration
HPRegen  1.97/turn              w - +6 ring of strength
MPRegen  0.09/turn              A - ring of the Omega Point {rF+ rN+ Int+3}

@: berserking (expiring), corroded, very slightly contaminated, regenerating,
very quick
A: large, unfitting armour, clumsy 1, tough skin 1, weak 2
a: Berserk, Trog's Hand, Brothers in Arms, Burn Spellbooks, Renounce Religion,
Evoke Berserk Rage


You were in the Dungeon.
You worshipped Trog.
Trog was exalted by your worship.
You were near starving.

You visited 1 branch

Inventory:

Hand Weapons
 s - a +8 antimagic broad axe (weapon)
 H - a +2 broad axe of chopping
Armour
 b - +5 gold dragon scales (worn)
 r - the +18 shield of the Gong (worn) {rElec rN+ MR+ EV-5}
   (You found it in the Dungeon)

   It affects your evasion (-5).
   It insulates you from electricity.
   It protects you from negative energy.
   It affects your resistance to hostile enchantments.
 v - the +2 hat of the Bear Spirit (worn) {Spirit, +Rage rN+ MR++}
   (You found it in the Dungeon)

   It protects you from negative energy.
   It affects your resistance to hostile enchantments.
   It lets you go berserk.
Jewellery
 t - an amulet of regeneration (around neck)
 w - a +6 ring of strength (left hand)
 A - the ring of the Omega Point (right hand) {rF+ rN+ Int+3}
   (You found it in the Dungeon)

   [ring of protection from fire]

   It affects your intelligence (+3).
   It protects you from fire.
   It protects you from negative energy.
 B - the ring of the Cicada {rPois rC- MR- Str+4 Slay+6}
   (You found it in the Dungeon)

   [ring of strength]

   It affects your strength (+4).
   It affects your accuracy and damage with ranged weapons and melee attacks
   (+6).
   It makes you vulnerable to cold.
   It protects you from poison.
   It affects your resistance to hostile enchantments.
 E - an uncursed ring of see invisible
Wands
 x - a wand of disintegration (7)
 y - a wand of iceblast (7)
 z - a wand of acid (7)
Scrolls
 i - 2 scrolls of blinking
 m - 7 scrolls of fog
 n - a scroll of holy word
 o - 5 scrolls of identify
 p - 5 scrolls of remove curse
 q - 2 scrolls of fear
 u - a scroll of brand weapon
 F - 4 scrolls of enchant armour
Potions
 d - 10 potions of curing
 e - 9 potions of heal wounds
 f - 6 potions of haste
 g - 2 potions of invisibility
 h - 4 potions of resistance
 j - a potion of experience
 k - 6 potions of agility
 l - 7 potions of might
Miscellaneous
 a - a phial of floods
 C - 3 phantom mirrors
 D - a lamp of fire
Comestibles
 c - 5 rations
 G - 2 chunks of flesh


   Skills:
 + Level 24.7 Fighting
 * Level 26.3 Axes
 + Level 17.2 Armour
 - Level 2.6 Dodging


You had 14 spell levels left.
You didn't know any spells.

Dungeon Overview and Level Annotations

Branches:
Dungeon (1/1)

Altars:
Ashenzari
Cheibriados
Dithmenos
Elyvilon
Fedhas
Gozag
Hepliaklqana
Kikubaaqudgha
Makhleb
Nemelex Xobeh
Okawaru
Qazlal
Ru
Sif Muna
Trog
Uskayaw
Vehumet
Wu Jian
Xom
Yredelemnul
Zin
The Shining One
Beogh
Jiyva
Lugonu

Annotations:
D 1 transporter


Innate Abilities, Weirdness & Mutations

You are too large for most types of armour.
You have tough skin. (AC +1)
You are clumsy. (Dex -2)
You are very weak. (Str -4)


Message History

You hit the yellow draconian.
You kill the yellow draconian!
Trog accepts your kill. You block the golden dragon's attack.
PTOANNNG!
The golden dragon claws you.
* * * LOW HITPOINT WARNING * * *
The golden dragon tramples you but does no damage.
You slash the golden dragon!
The golden dragon is severely wounded.
You block the white draconian's attack.
GONNNNG!
The red draconian breathes flames at you.
The searing blast hits you! You resist.
* * * LOW HITPOINT WARNING * * *
You slice the golden dragon!!
The golden dragon is almost dead.
The red draconian breathes flames at you.
The searing blast hits you! You resist.
You die...

▓.............▓.)▓....
▓.............▓..)..©.
▓.............▓▓▓▓▓▓▓▓
▓......©......▓....8©8
▓▓▓▓▓▓▓▓▓▓▓▓▓▓▓..).)..
▓.....8©8.....▓...)=")
▓..|[dd))|=:..▓.......
▓..[})D))[)=..▓....)..
▓....@)d).....▓....)))
▓.............▓....)))
▓....§........▓..▓..)(
▓.............▓.▓▓▓...
▓.............▓..▓..(.
▓.............▓.....©.
▓..▓.......▓..▓▓▓▓▓▓▓▓
▓.............▓....8©8
▓.............▓...[.).


You could see a golden dragon, 2 draconians and a white draconian.

Vanquished Creatures
  2 greater mummies (D)
  A curse toe (D)
  3 Orb Guardians (D)
  A deep elf master archer (D)
  An acid blob (D)
  A shadow dragon (D)
  An azure jelly (D)
  A stone giant (D)
  2 red draconians (D)
  4 yellow draconians (D)
  4 purple draconians (D)
  4 death oozes (D)
  A deep elf high priest (D)
  A great orb of eyes (shapeshifter) (D)
  A great orb of eyes (D)
  2 yaktaur captains (D)
  8 vault guards (D)
  A death yak (D)
  2 dancing weapons (D)
  A two-headed ogre (D)
  A death scarab (D)
  An orc high priest (D)
  An orc knight (D)
  2 shining eyes (D)
  3 deep elf magi (D)
  A black mamba (D)
  A torpor snail (D)
  An eye of devastation (D)
  A yaktaur (D)
  2 guardian mummies (D)
  A jumping spider (D)
  2 polar bears (D)
  A blink frog (D)
  A slime creature (D)
  3 flying skulls (D)
  An air elemental (D)
  An ushabti (D)
  A basilisk (D)
  2 yaks (D)
  A golden eye (D)
  2 wargs (D)
  A hell hound (D)
  A water moccasin (D)
  A porcupine (D)
  7 orc warriors (D)
  An eye of draining (D)
  An ogre (D)
  2 phantoms (D)
  A crocodile (D)
  5 scorpions (D)
  2 wights (D)
  A crimson imp (D)
  A quasit (D)
  An orc priest (D)
  3 orc wizards (D)
  4 mummies (D)
  2 shadow imps (D)
  2 white imps (D)
  An ooze (D)
  3 adder skeletons (D)
  3 adder zombies (D)
  6 orcs (D)
  A bat skeleton (D)
  2 bat zombies (D)
  A giant cockroach zombie (D)
  A jackal simulacrum (D)
  A leopard gecko simulacrum (D)
  A leopard gecko skeleton (D)
  A leopard gecko zombie (D)
  A quokka skeleton (D)
  A quokka zombie (D)
131 creatures vanquished.

Vanquished Creatures (collateral kills)
  A greater mummy (D)
  2 deep elf annihilators (D)
  A mummy priest (D)
  3 deep elf magi (D)
  A flying skull (D)
  2 mummies (D)
  An ooze (D)
  A bat zombie (D)
12 creatures vanquished.

Vanquished Creatures (others)
  Frances (D)
  Erica (D)
  Urug (D)
  Pikel (D)
  Eustachio (D)
  Menkaure (D)
  Edmund (D)
  Blork the orc (D)
  Dowan (D)
  Ijyb (D)
10 creatures vanquished.

Grand Total: 153 creatures vanquished

Notes
Turn   | Place    | Note
-------+----------+-------------------------------------------
     0 | D        | Found the +6 Majin-Bo {vamp, Archmagi MP+6 Int+6}
     0 | D        | sanboga the Ogre Berserker began the quest for the Orb.
     0 | D        | Reached XP level 1. HP: 24/24 MP: 1/1
     2 | D        | Found a deep blue altar of Sif Muna.
     2 | D        | Found a bloodstained altar of Trog.
     2 | D        | Found a sacrificial altar of Ru.
     2 | D        | Found a stormy altar of Qazlal.
     2 | D        | Found an iron altar of Okawaru.
     3 | D        | Found a sparkling altar of Nemelex Xobeh.
     3 | D        | Found a blossoming altar of Fedhas.
     5 | D        | Found a transporter.
     5 | D        | Found an ancient bone altar of Kikubaaqudgha.
     5 | D        | Found a viscous altar of Jiyva.
     5 | D        | Found a corrupted altar of Lugonu.
     5 | D        | Found a hazy altar of Hepliaklqana.
     5 | D        | Found a burning altar of Makhleb.
     5 | D        | Found an opulent altar of Gozag.
    30 | D        | Found the +9 heavy crossbow "Sniper" {velocity, Acc+∞ SInv}
    30 | D        | Found the +10 dark maul {crush}
    30 | D        | Found the +15 Maxwell's patent armour {-Cast -Tele rElec MR+ rCorr}
    30 | D        | Found the +18 shield of the Gong {rElec rN+ MR+ EV-5}
    30 | D        | Found the cursed +14 obsidian axe {chop, +Fly SInv *Curse}
    82 | D        | Entered arena 2.
    82 | D        | Noticed a scorpion
    82 | D        | Noticed a jumping spider
    82 | D        | Found a transporter.
    89 | D        | Killed a scorpion
    89 | D        | Reached skill level 5 in Axes
    89 | D        | Reached XP level 2. HP: 27/36 MP: 2/2
    89 | D        | Reached XP level 3. HP: 33/44 MP: 3/3
   110 | D        | Reached ** piety under Trog
   110 | D        | Reached *** piety under Trog
   112 | D        | Killed Pikel
   116 | D        | Killed a jumping spider
   116 | D        | Reached skill level 9 in Axes
   116 | D        | Reached skill level 5 in Armour
   116 | D        | Reached XP level 4. HP: 9/59 MP: 4/4
   116 | D        | Reached XP level 5. HP: 11/67 MP: 5/5
   116 | D        | Reached XP level 6. HP: 12/75 MP: 6/6
   285 | D        | Killed Eustachio
   403 | D        | Entered arena 3.
   403 | D        | Found a transporter.
   409 | D        | Reached **** piety under Trog
   412 | D        | Reached ***** piety under Trog
   417 | D        | Entered arena 4.
   417 | D        | Found a transporter.
   421 | D        | Received a gift from Trog
   421 | D        | Reached skill level 10 in Axes
   422 | D        | Reached skill level 10 in Fighting
   425 | D        | Reached XP level 7. HP: 84/85 MP: 7/7
   433 | D        | Entered arena 5.
   433 | D        | Found a transporter.
   438 | D        | Reached skill level 11 in Axes
   443 | D        | Received a gift from Trog
   454 | D        | Entered arena 6.
   454 | D        | Noticed a polar bear
   454 | D        | Noticed a polar bear
   454 | D        | Found a transporter.
   458 | D        | Killed a polar bear
   459 | D        | Killed a polar bear
   459 | D        | Reached skill level 12 in Axes
   459 | D        | Reached XP level 8. HP: 98/98 MP: 2/8
   465 | D        | Reached ****** piety under Trog
   512 | D        | Killed Ijyb
   527 | D        | Entered arena 7.
   528 | D        | Found a transporter.
   533 | D        | Received a gift from Trog
   550 | D        | Entered arena 8.
   551 | D        | Found a transporter.
   556 | D        | Reached skill level 13 in Axes
   559 | D        | Received a gift from Trog
   568 | D        | Entered arena 9.
   569 | D        | Found a transporter.
   592 | D        | Got the ring of the Omega Point {rF+ rN+ Int+3}
   598 | D        | Entered arena 10.
   599 | D        | Found the +2 hat of the Bear Spirit {Spirit, +Rage rN+ MR++}
   599 | D        | Found a transporter.
   601 | D        | Killed Menkaure
   603 | D        | Received a gift from Trog
   622 | D        | Received a gift from Trog
   622 | D        | Reached XP level 9. HP: 69/110 MP: 3/9
   635 | D        | Got the ring of the Cicada {rPois rC- MR- Str+4 Slay+6}
   684 | D        | Entered arena 11.
   684 | D        | Noticed a death scarab
   684 | D        | Noticed a greater mummy
   685 | D        | Found a transporter.
   691 | D        | Noticed an emperor scorpion
   691 | D        | Noticed an emperor scorpion
   697 | D        | Reached skill level 14 in Axes
   698 | D        | Killed a death scarab
   698 | D        | Received a gift from Trog
   702 | D        | Killed a greater mummy
   702 | D        | Reached skill level 17 in Axes
   702 | D        | Reached XP level 10. HP: 121/128 MP: 2/10
   702 | D        | Reached XP level 11. HP: 129/136 MP: 2/11
   711 | D        | Killed Erica
   763 | D        | Entered arena 12.
   763 | D        | Noticed a death yak
   765 | D        | Found a transporter.
   772 | D        | Killed a death yak
   772 | D        | Received a gift from Trog
   772 | D        | Reached skill level 18 in Axes
   777 | D        | Killed Blork the orc
   788 | D        | Received a gift from Trog
   902 | D        | Entered arena 13.
   902 | D        | Noticed a two-headed ogre
   902 | D        | Noticed an orc knight
   904 | D        | Noticed an orc high priest
   907 | D        | Noticed a sixfirhy
   907 | D        | Received a gift from Trog
   912 | D        | Killed a two-headed ogre
   918 | D        | Killed an orc high priest
   918 | D        | Reached skill level 19 in Axes
   923 | D        | Received a gift from Trog
   930 | D        | Killed an orc knight
   934 | D        | Found the ring of the Mage {Wiz MR++ Int+3}
   934 | D        | Found a transporter.
   966 | D        | Killed Dowan
   985 | D        | Entered arena 14.
   986 | D        | Noticed a mummy priest
   987 | D        | Noticed a greater mummy
   988 | D        | Noticed a greater mummy
   989 | D        | Noticed a jiangshi
   993 | D        | Found a transporter.
   995 | D        | Noticed a jiangshi
   999 | D        | Received a gift from Trog
  1000 | D        | Killed a mummy priest
  1004 | D        | Killed a greater mummy
  1004 | D        | Reached skill level 20 in Axes
  1004 | D        | Reached XP level 12. HP: 35/148 MP: 0/12
  1005 | D        | Received a gift from Trog
  1007 | D        | Killed a greater mummy
  1007 | D        | Reached skill level 21 in Axes
  1029 | D        | Killed Frances
  1120 | D        | Killed Urug
  1140 | D        | Entered arena 15.
  1145 | D        | Noticed a shadow dragon
  1145 | D        | Noticed a vault guard
  1145 | D        | Noticed a vault guard
  1145 | D        | Noticed a stone giant
  1145 | D        | Noticed a vault guard
  1146 | D        | Noticed a yaktaur captain
  1146 | D        | Noticed a vault guard
  1146 | D        | Noticed a vault guard
  1146 | D        | Noticed a yaktaur captain
  1146 | D        | Noticed a vault guard
  1146 | D        | Noticed a vault guard
  1146 | D        | Noticed a vault guard
  1147 | D        | Found a transporter.
  1153 | D        | Killed a vault guard
  1153 | D        | Received a gift from Trog
  1157 | D        | Killed a shadow dragon
  1158 | D        | Received a gift from Trog
  1159 | D        | Killed a vault guard
  1159 | D        | Reached XP level 13. HP: 160/160 MP: 4/13
  1160 | D        | Killed a vault guard
  1161 | D        | Killed a stone giant
  1162 | D        | Killed a yaktaur captain
  1162 | D        | Reached skill level 22 in Axes
  1162 | D        | Killed a vault guard
  1164 | D        | Killed a vault guard
  1164 | D        | Killed a vault guard
  1167 | D        | Killed a vault guard
  1167 | D        | Received a gift from Trog
  1172 | D        | Killed a vault guard
  1176 | D        | Killed a yaktaur captain
  1191 | D        | Killed Edmund
  1194 | D        | Received a gift from Trog
  1230 | D        | Entered arena 16.
  1235 | D        | Noticed a deep elf annihilator
  1235 | D        | Noticed a deep elf master archer
  1235 | D        | Noticed a deep elf annihilator
  1235 | D        | Noticed a deep elf high priest
  1238 | D        | Found a transporter.
  1241 | D        | Noticed a great orb of eyes
  1241 | D        | a wolf spider changed into a great orb of eyes
  1244 | D        | Killed a great orb of eyes
  1246 | D        | Killed a deep elf high priest
  1246 | D        | Received a gift from Trog
  1246 | D        | Reached skill level 23 in Axes
  1253 | D        | Killed a deep elf annihilator
  1254 | D        | Killed a deep elf master archer
  1254 | D        | Received a gift from Trog
  1254 | D        | Reached skill level 15 in Armour
  1262 | D        | Received a gift from Trog
  1270 | D        | Killed a deep elf annihilator
  1327 | D        | Received a gift from Trog
  1333 | D        | Entered arena 17.
  1336 | D        | Noticed a death ooze
  1336 | D        | Noticed an acid blob
  1336 | D        | Noticed a great orb of eyes
  1337 | D        | Noticed a death ooze
  1337 | D        | Noticed a death ooze
  1337 | D        | Noticed an azure jelly
  1337 | D        | Noticed a death ooze
  1338 | D        | Found a transporter.
  1338 | D        | Gained mutation: You are weak. (Str -2) [a shining eye]
  1340 | D        | Gained mutation: You are very weak. (Str -4) [a shining eye]
  1344 | D        | Killed a great orb of eyes
  1346 | D        | Killed an acid blob
  1346 | D        | Reached XP level 14. HP: 177/177 MP: 0/14
  1346 | D        | Reached skill level 24 in Axes
  1346 | D        | Gained mutation: You are clumsy. (Dex -2) [a shining eye]
  1349 | D        | Received a gift from Trog
  1351 | D        | Killed an azure jelly
  1356 | D        | Received a gift from Trog
  1428 | D        | Entered arena 18.
  1431 | D        | Noticed a curse toe
  1431 | D        | Noticed a yellow draconian
  1431 | D        | Noticed a red draconian
  1431 | D        | Noticed a yellow draconian
  1431 | D        | Noticed a purple draconian
  1431 | D        | Noticed an Orb Guardian
  1431 | D        | Noticed a purple draconian
  1431 | D        | Noticed an Orb Guardian
  1431 | D        | Noticed a purple draconian
  1432 | D        | Found the +3 Elemental Staff {rElec rF++ rC++ MR++ AC+5}
  1432 | D        | Noticed a red draconian
  1432 | D        | Noticed a yellow draconian
  1432 | D        | Noticed an Orb Guardian
  1432 | D        | Noticed a white draconian
  1432 | D        | Noticed a purple draconian
  1432 | D        | Found a transporter.
  1432 | D        | Noticed a red draconian
  1432 | D        | Noticed a red draconian
  1432 | D        | Noticed a yellow draconian
  1432 | D        | Noticed a golden dragon
  1433 | D        | Found the +6 lightning scales {run, rElec}
  1438 | D        | Killed a yellow draconian
  1439 | D        | Killed an Orb Guardian
  1440 | D        | Killed a red draconian
  1440 | D        | Received a gift from Trog
  1440 | D        | Reached skill level 25 in Axes
  1440 | D        | Killed a purple draconian
  1440 | D        | Killed an Orb Guardian
  1441 | D        | Killed a purple draconian
  1442 | D        | Killed an Orb Guardian
  1448 | D        | Killed a red draconian
  1448 | D        | Killed a purple draconian
  1448 | D        | Received a gift from Trog
  1450 | D        | Killed a yellow draconian
  1453 | D        | Killed a curse toe
  1453 | D        | Reached skill level 26 in Axes
  1453 | D        | Killed a purple draconian
  1455 | D        | Killed a yellow draconian
  1455 | D        | Reached XP level 15. HP: 43/191 MP: 2/15
  1458 | D        | HP: 13/286 [golden dragon (5)]
  1459 | D        | HP: 4/286 [red draconian/searing blast (10)]
  1460 | D        | Killed from afar by a red draconian

Skill      XL: |  1  2  3  4  5  6  7  8  9 10 11 12 13 14 |
---------------+-------------------------------------------+-----
Fighting       | 6 9 10 11 13 16 19 20 22 24 | 24.7
Axes           | 5 9 10 12 13 17 20 21 23 26 | 26.3
Armour         | 2 5 6 7 8 11 12 13 15 17 | 17.2
Dodging        | |  2.6

Action                   |  1- 3 |  4- 6 |  7- 9 | 10-12 | 13-15 || total
-------------------------+-------+-------+-------+-------+-------++-------
Melee: Broad axe         |    18 |     9 |    64 |    70 |    81 ||   242
Invok: Berserk           |     1 |       |     2 |     2 |     3 ||     8
       Burn Spellbooks   |     1 |     1 |     2 |     3 |     3 ||    10
       Brothers in Arms  |       |       |     1 |     3 |     3 ||     7
       Trog's Hand       |       |       |       |     2 |     2 ||     4
Evoke: Lamp of fire      |       |       |       |     1 |       ||     1
  Use: Potion            |     1 |       |       |       |       ||     1
       Scroll            |       |       |       |     5 |     1 ||     6
  Eat: Chunk             |       |       |     1 |       |     5 ||     6
       Ration            |       |       |       |     2 |       ||     2
Armor: Gold dragon scale |    20 |     2 |    48 |    64 |    69 ||   203
Dodge: Dodged            |     4 |       |     2 |     5 |    10 ||    21
Block: Shield            |    49 |    17 |   109 |   128 |   128 ||   431
